 Dungeon Crawl Stone Soup version 0.22-a0-126-g307c7c3 (webtiles) character file.

112 SnubMonkey the Shooter (level 4, -7/37 HPs)
             Began as a Centaur Hunter on Jan 30, 2018.
             Killed by divine providence
             ... invoked by an orc priest
              (8 damage)
             ... on level 3 of the Dungeon.
             The game lasted 00:04:50 (2191 turns).

SnubMonkey the Shooter (Centaur Hunter)             Turns: 2191, Time: 00:04:51

Health: -7/37      AC:  4    Str: 15    XL:     4   Next: 63%
Magic:  0/4        EV:  9    Int: 10    God:
Gold:   115        SH:  0    Dex: 10    Spells: 3/3 levels left

rFire    . . .     SeeInvis .   b - +0 short sword (speed)
rCold    . . .     Gourm    .   (no shield)
rNeg     . . .     Faith    .   c - +0 leather armour
rPois    .         Spirit   +   (no helmet)
rElec    .         Reflect  .   (no cloak)
rCorr    .         Harm     .   (no gloves)
MR       .....                  (no barding)
Stlth    +.........             l - amulet of guardian spirit
HPRegen  0.12/turn              (no ring)
MPRegen  0.09/turn              (no ring)

@: very quick
A: large, hooves 3, deformed body, speed 2, tough skin 3
a: no special abilities


You were on level 3 of the Dungeon.
You were not hungry.

You visited 1 branch of the dungeon, and saw 3 of its levels.

You collected 115 gold pieces.

Inventory:

Hand Weapons
 a - a +1 shortbow
 b - a +0 short sword of speed (weapon)
Armour
 c - a +0 leather armour (worn)
 e - a +0 ring mail
Jewellery
 l - an amulet of guardian spirit (around neck)
 o - an uncursed ring of flight {unknown}
 p - an uncursed ring of resist corrosion {unknown}
Scrolls
 h - a scroll of enchant armour {unknown}
 j - 2 scrolls of teleportation
 n - a scroll of fear {unknown}
 s - a scroll of remove curse {unknown}
Potions
 g - a potion of degeneration {unknown}
 i - a potion of mutation {unknown}
 k - a potion of brilliance {unknown}
 m - a potion of magic {unknown}
 r - a potion of cancellation {unknown}
Comestibles
 f - 6 rations


   Skills:
 + Level 2.4 Fighting
 * Level 7.8 Bows
 - Level 1.3 Dodging
 - Level 0.4 Stealth


You had 3 spell levels left.
You didn't know any spells.

Dungeon Overview and Level Annotations

Branches:
Dungeon (3/15)

Altars:


Innate Abilities, Weirdness & Mutations

You have hooves in place of feet.
Armour fits poorly on your strangely shaped body.
You cover ground very quickly.
You have extremely tough skin. (AC +3)


Message History

The orc priest barely misses you.
You hit the orc priest but do no damage.
You kick the orc priest, but do no damage.
The orc priest is heavily wounded.
The orc priest calls down the wrath of Beogh upon you.
Beogh smites you!
* * * LOW HITPOINT WARNING * * *
You barely miss the orc priest.
The orc priest is heavily wounded.
The orc priest misses you.
You closely miss the orc priest.
The orc priest is heavily wounded.
You hit the orc priest. Your kick misses the orc priest.
The orc priest is heavily wounded.
The orc priest hits you but does no damage.
You barely miss the orc priest.
The orc priest is heavily wounded.
The orc priest mumbles some strange prayers to Beogh against you.
Beogh smites you!
You die...

#..###.###.## #.....##
##.#
##########.####.###.##
#.)........#..)..#..#
....o....#######.####.#.#
##.#####.# #.# ###.# #
#.# #.# #.# #.. #.# #.#
#..# #@# #.# #..# #o# #.#
.... #(# (# #.#(# #.#(#
#.#(# #.#)# #.#(# # #.#(#


You could see an orc priest.

Vanquished Creatures
  An orc wizard (D:3)
  2 adders
  2 dart slugs
  2 leopard geckos
  3 orcs (D:3)
  4 giant cockroaches
  6 hobgoblins
  2 jackals (D:2)
  5 kobolds
  A quokka (D:2)
  8 bats
  3 frilled lizards
  9 goblins
  7 rats
55 creatures vanquished.

Notes
Turn   | Place    | Note
-------+----------+-------------------------------------------
     0 | D:1      | SnubMonkey the Centaur Hunter began the quest for the Orb.
     0 | D:1      | Reached XP level 1. HP: 17/17 MP: 1/1
   134 | D:1      | Reached XP level 2. HP: 24/24 MP: 2/2
   137 | D:1      | Reached skill level 6 in Bows
   468 | D:1      | HP: 1/24 [hobgoblin/club (3)]
  1012 | D:2      | Reached XP level 3. HP: 29/29 MP: 3/3
  1417 | D:2      | Reached skill level 7 in Bows
  2104 | D:3      | Reached XP level 4. HP: 34/36 MP: 4/4
  2187 | D:3      | HP: 1/37 [orc priest/divine providence (14)]
  2191 | D:3      | Killed from afar by an orc priest

Vault maps used:
D:1:      minmay_arrival_radiant_lines, serial_bayou_ford_a, glass_columns_a,
          hangedman_decor_growths
D:2:      first_ration, kennysheep_path_1
D:3:      uniq_crazy_yiuf_cottage, uniq_ijyb

Skill      XL: |  1  2  3 |
---------------+----------+-----
Bows           | 6 7 |  7.8
Fighting       | |  2.4
Dodging        | |  1.3
Stealth        | |  0.4

Action                   |  1- 3 |  4- 6 || total
-------------------------+-------+-------++-------
Melee: Short sword       |    64 |    36 ||   100
       Kick              |    10 |     7 ||    17
 Fire: Shortbow          |    85 |    10 ||    95
  Use: Scroll            |     2 |       ||     2
  Eat: Chunk             |     3 |       ||     3
Armor: Leather armour    |    15 |     5 ||    20
Dodge: Dodged            |    29 |    13 ||    42

Table legend:
 A = Spawn XP
 B = Non-spawn XP
 C = Spawn XP percentage of total XP
 D = Spawn monster count
 E = Non-spawn monster count
 F = Spawn count percentage of total count
 G = Total turns spent on level
                    A         B        C        D         E        F      G
               +---------+---------+-------+---------+---------+-------+---------
         Total |       0 |     160 |   0.0 |       0 |      55 |   0.0 |  2191
               +---------+---------+-------+---------+---------+-------+---------
           D:1 |       0 |      38 |   0.0 |       0 |      22 |   0.0 |  1007
           D:2 |       0 |      39 |   0.0 |       0 |      16 |   0.0 |   752
           D:3 |       0 |      83 |   0.0 |       0 |      17 |   0.0 |   432
               +---------+---------+-------+---------+---------+-------+---------
